 Dungeon Crawl Stone Soup version 0.29-a0-923-g6e406bff71 (webtiles) character file.

Game seed: 18161192946004570729

120 Essalna the Insei (level 5, -10/34 HPs)
             Began as an Octopode Transmuter on July 28, 2022.
             Killed from afar by an orc (19 damage)
             ... with a bolt of acid
             ... on level 3 of the Dungeon.
             The game lasted 00:04:55 (2536 turns).

Essalna the Insei (Octopode Transmuter)             Turns: 2536, Time: 00:04:56

Health: -10/34     AC: -3    Str: 10    XL:     5   Next: 4%
Magic:  7/8        EV: 14    Int: 15    God:
Gold:   151        SH:  0    Dex: 14    Spells: 3/8 levels left

rFire   . . .      SeeInvis .     - Unarmed
rCold   . . .      Faith    .   (no shield)
rNeg    . . .      Spirit   .   (helmet currently unavailable)
rPois   .          Reflect  .   (no amulet)
rElec   .          Harm     .   (no ring)
rCorr   .          Rampage  .   (no ring)
Will    .....                   (no ring)
Stlth   ++........              (no ring)
HPRegen 0.11/turn               (no ring)
MPRegen 0.11/turn               (no ring)
                                (no ring)
                                (no ring)

@: appendages (expiring), corroded
A: tentacle spike 3, almost no armour, amphibious, 8 rings, camouflage 1,
gelatinous body 1, (nimble swimmer 1), tentacles
a: End Transformation


You were on level 3 of the Dungeon.
One of your tentacles had grown a beastly spike.
You visited 1 branch of the dungeon, and saw 3 of its levels.

You collected 151 gold pieces.

Inventory:

Jewellery
 d - an amulet of faith
Scrolls
 c - 2 scrolls of noise {unknown}
 e - a scroll of teleportation {unknown}
 f - a scroll of magic mapping {unknown}
 g - 4 scrolls of fear {unknown}
 j - 3 scrolls of identify {unknown}
 n - a scroll of enchant weapon {unknown}
 o - a scroll of enchant armour {unknown}
Potions
 a - a potion of lignification
 b - a potion of attraction {unknown}
 h - a potion of degeneration {unknown}
 i - a potion of curing {unknown}
 k - 2 potions of brilliance {unknown}
 l - a potion of flight {unknown}
 m - a potion of heal wounds {unknown}


   Skills:
 + Level 2.2 Fighting
 + Level 2.9 Dodging
 + Level 3.7 Unarmed Combat
 - Level 2.0 Spellcasting
 + Level 2.9 Transmutations
 + Level 1.0 Ice Magic


You had 3 spell levels left.
You knew the following spells:

 Your Spells              Type           Power      Damage    Failure   Level
a - Beastly Appendage     Tmut           20%        N/A       7%          1
b - Ice Form              Ice/Tmut       7%         N/A       69%         4

Your spell library contained the following spells:

 Spells                   Type           Power      Damage    Failure   Level
 Wereblood                Tmut           10%        N/A       11%         2
 Spider Form              Tmut/Pois      5%         N/A       36%         3


Dungeon Overview and Level Annotations

Branches:
Dungeon (3/15)

Altars:


Innate Abilities, Weirdness & Mutations

One of your tentacles has grown a beastly spike.
You cannot wear most types of armour.
You are amphibious.
You can wear up to eight rings at the same time.
Your skin changes colour to match your surroundings (Stealth+).
Your rubbery body absorbs attacks. (AC +1, EV +1)
((You are camouflaged when in or above water. (Stealth+)))
You have tentacles for arms and can constrict up to eight enemies at once.


Message History

2 orcs come into view.
The orc moves out of view. x2
An orc comes into view.
It is wielding a staff of fire and carrying a wand of acid (3).
The orc moves out of view.
An orc is nearby!
An orc is nearby!
One of your tentacles grows a vicious spike.
You barely miss the orc. You grab the orc.
You pierce the orc, but do no damage.
You constrict the orc. The orc barely misses you.
You tentacle-slap the orc.
You pierce the orc.
You kill the orc!
No target in view!
No target in view!
An orc is nearby!
An orc is nearby!
The orc shouts!
You hear a shout!
An orc comes into view. It is wielding a +0 whip.
You extend your transformation's duration.
The orc hits you with a +0 whip.
You tentacle-slap the orc but do no damage.
You grab the orc.
You pierce the orc.
The orc is moderately wounded.
You constrict the orc, but do no damage.
The orc closely misses you.
The orc zaps a wand.
The bolt of acid hits the orc!!
The acid corrodes the orc!
The orc dies!
The bolt of acid hits you!!
Ouch! That really hurt!
* * * LOW HITPOINT WARNING * * *
The acid corrodes you!
You are too injured to fight recklessly!
You are too injured to fight recklessly!
Okay, then.
Your transformation is almost over.
The orc zaps a wand.
The bolt of acid hits the orc!
The acid corrodes the orc!
The orc dies!
The bolt of acid hits you!!
Ouch! That really hurt!
You die...

#.........[.............####..
###.............##.#.##.### ###
#............)..##.#....# #
#...#.........#.##..##..#
#####(###...###.###.#...##
##.##...)o.#.##....#..#
##............##...###.##
#..###.#....).#....###..######
##.###..#)....@................
###..###.##....###......##.#...##
....###.....................##.##
....# #####....##.#...##..#......
#.#.# #....#..#...##....#.#.#
#.#.########.....>..........#....
#.#.............########....####.
#.#.########...........#####...##
#.#.# ###########. .ยงยง#


You could see an orc.

Vanquished Creatures
  6 adders
  2 dart slugs (D:1)
  An orc (D:3)
  5 ball pythons
  5 bats
  7 endoplasms
  A giant cockroach (D:1)
  5 goblins
  6 hobgoblins
  9 kobolds
  2 quokkas (D:3)
  5 frilled lizards
  5 rats
59 creatures vanquished.

Vanquished Creatures (others)
  2 orcs (D:3)
  A ball python (D:3)
3 creatures vanquished.

Grand Total: 62 creatures vanquished

Notes
Turn   | Place    | Note
-------+----------+-------------------------------------------
     0 | D:1      | Essalna the Octopode Transmuter began the quest for the
                  | Orb.
     0 | D:1      | Reached XP level 1. HP: 13/13 MP: 3/3
   137 | D:1      | Reached XP level 2. HP: 14/18 MP: 3/5
   678 | D:1      | Reached XP level 3. HP: 21/23 MP: 4/6
  1782 | D:3      | Reached XP level 4. HP: 29/29 MP: 5/7
  1820 | D:3      | Learned a level 4 spell: Ice Form
  2245 | D:3      | Reached skill level 1 in Ice Magic
  2256 | D:3      | Found a faded altar of an unknown god.
  2256 | D:3      | Noticed an Executioner
  2342 | D:3      | Reached XP level 5. HP: 34/34 MP: 6/8
  2536 | D:3      | Killed from afar by an orc

Illustrated notes

Levels and vault maps discovered:
D:1:      amcnicky_arrival_abandoned_market, layout_basic
D:2:      layout_rooms
D:3:      layout_rooms, dreamdust_ecumenical_altar_sealed_demon,
          chequers_serial_rivers_marsh, st_stairs_9, minmay_misc_feat_rows,
          lemuel_flame_loot_1

Skill      XL: |  1  2  3  4 |
---------------+-------------+-----
Fighting       | 2 |  2.2
Ice Magic      | 1 |  1.0
Dodging        | |  2.9
Unarmed Combat | |  3.7
Spellcasting   | |  2.0
Transmutations | |  2.9

Action                   |  1- 3 |  4- 6 || total
-------------------------+-------+-------++-------
Melee: Unarmed           |    76 |    35 ||   111
       Kick              |    25 |    18 ||    43
       Tentacles         |    12 |     5 ||    17
       Punch             |     3 |       ||     3
       Constrict         |    23 |    14 ||    37
 Cast: Beastly Appendage |    31 |    16 ||    47
 Stab: Sleeping          |     4 |     4 ||     8
       Distracted        |       |     1 ||     1
Armor: Skin              |     5 |       ||     5
Dodge: Dodged            |    41 |    20 ||    61

Table legend: (Time is in decaauts)
 A = Elapsed time spent in this place.
 B = Non-inter-level travel time spent in this place.
 C = Inter-level travel time spent in this place.
 D = Time resting spent in this place.
 E = Time spent auto-exploring this place.
 F = Levels seen in this place.
 G = Mean time per level.
                   A        B        C        D        E       F      G
               +--------+--------+--------+--------+--------+-----+--------+
         Total |   2528 |   2454 |     74 |      0 |   2003 |   3 |  842.7 |
       Dungeon |   2528 |   2454 |     74 |      0 |   2003 |   3 |  842.7 |
               +--------+--------+--------+--------+--------+-----+--------+

Top non-repeatable levels by time:
     D:1: 1159 daAuts
     D:3: 767 daAuts
     D:2: 601 daAuts
